 Dungeon Crawl Stone Soup version 0.17-a0-854-g4a4ba72 (webtiles) character file.

229 Lokkij the Conjurer (level 6, -8/32 HPs)
             Began as a Tengu Venom Mage on Apr 28, 2015.
             Killed by divine providence
             ... invoked by an orc priest
              (17 damage)
             ... on level 4 of the Dungeon.
             The game lasted 00:10:27 (3956 turns).

Lokkij the Conjurer (Tengu Venom Mage)              Turns: 3956, Time: 00:10:27

Health: -8/32      AC:  2    Str: 13    XL:     6   Next: 3%
Magic:  1/13       EV: 12    Int: 17    God:
Gold:   156        SH:  0    Dex: 15    Spells: 3 memorised, 7 levels left

rFire  . . .     SeeInvis .     s - +2 short sword (venom)
rCold  . . .     Clarity  .     a - +0 robe
rNeg   . . .     SustAb   .     (no shield)
rPois  .         Gourm    .     (helmet restricted)
rElec  .         Spirit   .     (no cloak)
rCorr  .         Warding  .     (no gloves)
rMut   .         Stasis   .     (boots unavailable)
MR     .....                    (no amulet)
Stlth  ++........               (no ring)
                                (no ring)

@: mighty, very slightly contaminated, not resistant to hostile enchantments,
unstealthy
A: beak, talons 3, able to fly 1
a: Fly


You were on level 4 of the Dungeon.
You were not hungry.

You visited 1 branch of the dungeon, and saw 4 of its levels.

You collected 156 gold pieces.

Inventory:

Hand weapons
 f - a +1 short sword of freezing
 s - a +2 short sword of venom (weapon)
Missiles
 e - 3 javelins (quivered)
Armour
 a - a +0 robe (worn)
Scrolls
 d - a scroll of recharging {unknown}
 h - a scroll of enchant armour {unknown}
 i - a scroll of blinking {unknown}
 l - 2 scrolls of magic mapping {unknown}
 m - 3 scrolls of identify {unknown}
 o - 4 scrolls of remove curse {unknown}
 r - a scroll of fog {unknown}
 w - a scroll of fear {unknown}
Potions
 g - a potion of lignification {unknown}
 j - a potion of cure mutation
 n - a potion of cancellation {unknown}
 p - a potion of curing {unknown}
 q - a potion of haste {unknown}
 u - a potion of heal wounds {unknown}
 v - a potion of invisibility {unknown}
Books
 b - a Young Poisoner's Handbook

   Spells                             Type                      Level
   a - Sting                          Conjuration/Poison           1
   b - Cure Poison                    Poison                       2
   c - Mephitic Cloud                 Conjuration/Poison/Air       3
   d - Olgreb's Toxic Radiance        Poison                       4
   e - Venom Bolt                     Conjuration/Poison           5
 x - a book of Spatial Translocations

   Spells                             Type                      Level
   a - Apportation                    Translocation                1
   b - Blink                          Translocation                2
   c - Shroud of Golubria             Charms/Translocation         2
   d - Portal Projectile              Translocation                3
   e - Teleport Other                 Translocation                3
   f - Passage of Golubria            Translocation                4
Comestibles
 c - 2 bread rations
 k - 2 meat rations
 z - 4 fruits


   Skills:
 - Level 2.1 Dodging
 - Level 2.0 Stealth
 - Level 4.0 Spellcasting
 * Level 5.0 Conjurations
 + Level 4.1 Poison Magic


You had 7 spell levels left.
You knew the following spells:

 Your Spells              Type           Power        Failure   Level  Hunger
a - Sting                 Conj/Pois      ###.         2%          1    None
b - Mephitic Cloud        Conj/Pois/Air  ##......     14%         3    ###....
c - Shroud of Golubria    Chrm/Tloc      #.........   24%         2    ##.....


Dungeon Overview and Level Annotations

Branches:
Dungeon (4/15)
 Temple: D:4-7

Altars:
Makhleb
Ru
Vehumet
Yredelemnul


Innate Abilities, Weirdness & Mutations

You have a beak for a mouth.
You have claws for feet.
You can fly.


Message History

Press: ? - help, Shift-Dir - straight line, f - orc priest
Aim: an orc priest (heavily wounded)
The sting misses the orc priest.
The orc priest closely misses you.
Casting: Sting
Confirm with . or Enter, or press ? or * to list all spells.
Aiming: Sting
Press: ? - help, Shift-Dir - straight line, f/p - orc priest
Aim: an orc priest (heavily wounded)
The sting misses the orc priest.
The orc priest hits you.
Drink which item? (? for menu, Esc to quit)
It was a potion of cure mutation.
It has a very clean taste.
The orc priest hits you.
* * * LOW HITPOINT WARNING * * *
Drink which item? (? for menu, Esc to quit)
It was a potion of might.
You feel very mighty all of a sudden.
The orc priest mumbles some strange prayers to Beogh against you.
Something smites you!
Ouch! That really hurt!
You die...

#. #.. ..
..#.#..
[#.#. ...
#o# #.#
#.# #.###
#.o@#
#.#.+
#.### #.#
## #.#
##+###..#
#.#
..........
#.#
.........
#.###
#......###
#...#
#.........
#


You could see an orc priest.

Vanquished Creatures
  A hound (D:4)
  An iguana (D:4)
  A worker ant (D:3)
  6 adders
  A gnoll (D:1)
  2 worms
  5 giant geckos
  6 orcs
  14 bats
  3 giant cockroaches
  8 goblins
  11 hobgoblins
  3 jackals (D:1)
  4 kobolds
  3 quokkas
  7 giant newts
  6 rats
82 creatures vanquished.

Notes
Turn   | Place    | Note
--------------------------------------------------------------
     0 | D:1      | Lokkij, the Tengu Venom Mage, began the quest for the Orb.
     0 | D:1      | Reached XP level 1. HP: 10/10 MP: 4/4
   223 | D:1      | Reached skill level 1 in Conjurations
   381 | D:1      | Reached XP level 2. HP: 6/15 MP: 1/6
   873 | D:1      | Reached XP level 3. HP: 15/19 MP: 6/8
   944 | D:1      | Learned a level 3 spell: Mephitic Cloud
  1960 | D:2      | Reached XP level 4. HP: 24/24 MP: 6/9
  2231 | D:2      | Found a burning altar of Makhleb.
  2234 | D:2      | Found a sacrificial altar of Ru.
  2602 | D:3      | Found a basalt altar of Yredelemnul.
  2602 | D:3      | Found a radiant altar of Vehumet.
  2862 | D:3      | Gained mutation: You can fly. [Tengu growth]
  2862 | D:3      | Reached XP level 5. HP: 28/28 MP: 8/11
  3634 | D:4      | Learned a level 2 spell: Shroud of Golubria
  3940 | D:4      | Reached skill level 5 in Conjurations
  3940 | D:4      | Reached XP level 6. HP: 32/32 MP: 3/13
  3956 | D:4      | Killed from afar by an orc priest

Action                   |  1- 3 |  4- 6 || total
-------------------------+-------+-------++-------
Melee: Unarmed           |     8 |       ||     8
       Short sword       |    42 |    64 ||   106
 Cast: Sting             |    45 |    73 ||   118
       Mephitic Cloud    |       |     2 ||     2
  Use: Potion            |       |     2 ||     2
 Stab: Sleeping          |     1 |     2 ||     3
  Eat: Chunk             |     4 |     6 ||    10
